 Dungeon Crawl Stone Soup version 0.20-a0-507-gc86f373 (webtiles) character file.

9281 nono the Blocker (level 11, -11/64 HPs)
             Began as a Halfling Assassin on Jan 21, 2017.
             Was an Elder of Dithmenos.
             Mangled by a two-headed ogre
             ... wielding a cursed -1 giant club
              (20 damage)
             ... on level 8 of the Dungeon.
             The game lasted 00:47:23 (11010 turns).

nono the Blocker (Halfling Assassin)               Turns: 11010, Time: 00:47:24

Health: -11/64     AC: 25    Str: 13 (15) XL:     11   Next: 71%
Magic:  11/11      EV:  7    Int:  8 (9)  God:    Dithmenos [****..]
Gold:   439        SH: 12    Dex: 15 (17) Spells: 10/10 levels left

rFire    . . .     SeeInvis .   O - +2 rapier (protect)
rCold    . . .     Gourm    .   V - +0 plate armour
rNeg     . . .     Faith    .   P - +0 shield
rPois    +         Spirit   .   Z - +0 helmet (curse)
rElec    .         Reflect  .   d - +0 cloak
rCorr    .         Harm     .   F - +0 pair of gloves (curse)
MR       +....                  (no boots)
Stlth    ..........             (no amulet)
Regen    0.2/turn               Y - ring of poison resistance
                                A - ring of protection from magic

@: protection aura, wreathed by umbra
A: mutation resistance 1
a: Shadow Step, Renounce Religion


You were on level 8 of the Dungeon.
You worshipped Dithmenos.
Dithmenos was greatly pleased with you.
You were hungry.

You visited 1 branch of the dungeon, and saw 9 of its levels.

You collected 439 gold pieces.

Inventory:

Hand Weapons
 a - a +2 dagger
 b - a +0 blowgun
 H - a +3 dagger
 I - a +0 falchion
 O - a +2 rapier of protection (weapon)
 U - a +4 long sword
Missiles
 e - 11 poisoned needles
 v - 80 sling bullets
Armour
 c - a +0 robe
 d - a +0 cloak (worn)
 f - a +0 chain mail
 m - a +0 ring mail
 o - a +0 leather armour
 F - a cursed +0 pair of gloves (worn)
 P - a +0 shield (worn)
 V - a +0 plate armour (worn)
 Z - a cursed +0 helmet (worn)
Jewellery
 A - a ring of protection from magic (left hand)
 K - an uncursed ring of flight
 Y - a ring of poison resistance (right hand)
Wands
 M - a wand of random effects (27/48)
 N - a wand of flame (26/48)
 T - a wand of polymorph (8/24)
 W - a wand of lightning (0/15)
 X - a wand of paralysis (13/24)
Scrolls
 j - 2 scrolls of recharging {unknown}
 p - 2 scrolls of immolation
 q - 2 scrolls of magic mapping {unknown}
 s - a scroll of random uselessness {unknown}
 u - a scroll of blinking {unknown}
 x - 2 scrolls of fog {unknown}
 y - 4 scrolls of remove curse {unknown}
 z - 2 scrolls of enchant weapon {unknown}
 C - 3 scrolls of teleportation
 L - 2 scrolls of fear {unknown}
 Q - 7 scrolls of identify {unknown}
Potions
 i - a potion of flight {unknown}
 n - 2 potions of degeneration
 r - 2 potions of brilliance
 t - 3 potions of curing
 w - a potion of ambrosia {unknown}
 B - a potion of might
 E - a potion of lignification {unknown}
 G - a potion of haste {unknown}
 J - a potion of cure mutation {unknown}
 R - 2 potions of agility {unknown}
Books
 S - a book of Cantrips

   Spells                             Type                      Level
   a - Confusing Touch                Hexes                        1
   b - Animate Skeleton               Necromancy                   1
   c - Summon Small Mammal            Summoning                    1
   d - Apportation                    Translocation                1
Comestibles
 g - 6 bread rations
 h - 9 meat rations
 l - 8 royal jellies
 D - 21 fruits


   Skills:
 - Level 1.7 Fighting
 - Level 2.4(7.5) Short Blades
 - Level 9.4(9.5) Long Blades
 - Level 2.0 Throwing
 * Level 9.0 Armour
 - Level 6.1 Dodging
 + Level 7.6 Stealth
 * Level 10.6 Shields


You had 10 spell levels left.
You didn't know any spells.

Dungeon Overview and Level Annotations

Branches:
Dungeon (9/15)             Temple (0/1) D:5
   Lair: D:8-11         Orc: D:9-12

Altars:
Ashenzari
Dithmenos
Elyvilon
Fedhas
Kikubaaqudgha
Nemelex Xobeh
Qazlal
Sif Muna
Uskayaw
Xom
Yredelemnul

Shops:
D:8 ?!

Annotations:
D:3 Feta's ghost, amateur FoFi
D:5 Pikel


Innate Abilities, Weirdness & Mutations

You are small and have problems with some larger weapons.
You are somewhat resistant to further mutation.


Message History

The bolt of lightning misses the two-headed ogre.
Evoking this partially-identified wand wasted a few charges.
Evoke which item? (* to show all) (? for menu, Esc to quit)
Aiming: Lightning Bolt (will waste charges)
Press: ? - help, Shift-Dir - straight line, f/p - two-headed ogre
Aim: a two-headed ogre, wielding a giant club and a giant spiked club (almost dead, umbra) Nothing appears to happen.
The two-headed ogre hits you with a giant club.
* * * LOW HITPOINT WARNING * * *
You block the two-headed ogre's attack.
Okay, then.
You hit the two-headed ogre.
Your weapon exudes an aura of protection.
The two-headed ogre is almost dead.
You block the two-headed ogre's attack. x2
You hit the two-headed ogre.
The two-headed ogre is almost dead.
You block the two-headed ogre's attack.
The two-headed ogre hits you with a giant spiked club!!
You die...

###### #....# #....#
##....##########################
.'....'........O@...[†>.......<#
##....##########################
######


You could see a two-headed ogre.

Vanquished Creatures
  A hydra (D:8)
  2 two-headed ogres (D:9)
  Joseph (D:8)
  2 trolls (D:9)
  2 hornets
  2 dream sheep (D:8)
  2 hippogriffs
  7 yaks
  A wyvern (D:8)
  A steam dragon (D:9)
  4 soldier ants (D:9)
  An orc warrior (D:6)
  2 phantoms (D:8)
  A sky beast (D:6)
  3 slaves (D:5)
  4 ice beasts
  5 ogres
  2 black bears (D:8)
  2 centaurs
  4 big kobolds
  3 bullfrogs
  A wyvern zombie (D:9)
  2 scorpions
  3 wights (D:8)
  6 crimson imps
  A centaur zombie (D:4)
  A jelly (D:6)
  4 orc wizards
  A centaur skeleton (D:6)
  2 orc priests
  3 hounds
  An iguana (D:6)
  28 worker ants
  A hound zombie (D:5)
  2 hound skeletons
  9 adders
  2 shadow imps
  An ooze (D:6)
  An adder zombie (D:7)
  An adder skeleton (D:8)
  3 worms
  A dart slug (D:1)
  5 leopard geckos
  23 orcs
  4 ball pythons
  5 giant cockroaches
  5 goblins
  8 hobgoblins
  15 jackals
  3 quokkas
  5 bats
  10 frilled lizards
  A jackal skeleton (D:4)
  16 kobolds
  10 rats
236 creatures vanquished.

Vanquished Creatures (others)
  7 fungi (D:5)
  5 plants
12 creatures vanquished.

Grand Total: 248 creatures vanquished

Notes
Turn   | Place    | Note
-------+----------+-------------------------------------------
     0 | D:1      | nono the Halfling Assassin began the quest for the Orb.
     0 | D:1      | Reached XP level 1. HP: 14/14 MP: 1/1
    96 | D:1      | Reached XP level 2. HP: 19/19 MP: 2/2
   287 | D:1      | Reached XP level 3. HP: 24/24 MP: 3/3
   532 | D:1      | Reached skill level 5 in Stealth
  1174 | D:2      | Reached skill level 1 in Armour
  1174 | D:2      | Reached XP level 4. HP: 27/29 MP: 4/4
  1349 | D:2      | Found a shadowy altar of Dithmenos.
  1362 | D:2      | Became a worshipper of Dithmenos the Shadowed
  1609 | D:2      | Found a blossoming altar of Fedhas.
  1729 | D:2      | Reached XP level 5. HP: 33/34 MP: 5/5
  1840 | D:3      | Reached * piety under Dithmenos
  1896 | D:3      | Noticed Feta's ghost (amateur FoFi)
  2262 | D:3      | Found a white marble altar of Elyvilon.
  2830 | D:4      | Noticed a phantom
  2840 | D:4      | Reached XP level 6. HP: 39/39 MP: 6/6
  3166 | D:4      | Found a deep blue altar of Sif Muna.
  3258 | D:4      | Reached skill level 1 in Long Blades
  3730 | D:4      | Reached XP level 7. HP: 44/44 MP: 7/7
  3784 | D:4      | Found a shimmering altar of Xom.
  3925 | D:5      | Entered Level 5 of the Dungeon
  4249 | D:5      | Found a blossoming altar of Fedhas.
  4299 | D:5      | Noticed Pikel
  4410 | D:5      | Reached XP level 8. HP: 46/49 MP: 8/8
  4768 | D:5      | Reached skill level 5 in Armour
  4948 | D:5      | Reached ** piety under Dithmenos
  5025 | D:5      | Found a staircase to the Ecumenical Temple.
  5666 | D:6      | Reached skill level 5 in Dodging
  5981 | D:6      | Reached skill level 1 in Shields
  6021 | D:6      | Reached skill level 2 in Shields
  6032 | D:6      | Reached skill level 3 in Shields
  6126 | D:6      | You fall through a shaft!
  6171 | D:7      | Noticed a fire elemental
  6181 | D:7      | Reached skill level 4 in Shields
  6181 | D:7      | Reached XP level 9. HP: 54/54 MP: 9/9
  6185 | D:7      | Found a stormy altar of Qazlal.
  6458 | D:6      | Found a basalt altar of Yredelemnul.
  6590 | D:7      | Reached skill level 5 in Shields
  6713 | D:7      | Reached skill level 6 in Shields
  6752 | D:7      | Noticed a hippogriff
  6763 | D:7      | Killed a hippogriff
  6790 | D:7      | Noticed a hornet
  6797 | D:7      | Paralysed by a hornet for 2 turns
  6811 | D:7      | Killed a hornet
  6811 | D:7      | Reached skill level 7 in Shields
  7013 | D:8      | Found Uphept's Magic Scroll Emporium.
  7018 | D:8      | Reached *** piety under Dithmenos
  7117 | D:8      | Reached skill level 8 in Shields
  7367 | D:8      | Reached XP level 10. HP: 53/60 MP: 10/10
  7631 | D:8      | Noticed a two-headed hydra
  7664 | D:8      | Killed a two-headed hydra
  7664 | D:8      | Reached skill level 5 in Long Blades
  7664 | D:8      | Reached skill level 9 in Shields
  7714 | D:8      | Found an ancient bone altar of Kikubaaqudgha.
  7746 | D:8      | Found a shattered altar of Ashenzari.
  8063 | D:8      | Noticed Joseph
  8081 | D:8      | Killed Joseph
  8283 | D:8      | Found Gigoapto's Distillery.
  8304 | D:8      | Noticed a two-headed ogre
  8669 | D:8      | Reached XP level 11. HP: 23/64 MP: 11/11
  9196 | D:9      | Noticed a two-headed ogre
  9238 | D:9      | Killed a two-headed ogre
  9492 | D:9      | Reached skill level 10 in Shields
  9607 | D:9      | Reached **** piety under Dithmenos
  9644 | D:9      | Found a sparkling altar of Nemelex Xobeh.
 10115 | D:9      | Noticed a two-headed ogre
 10129 | D:9      | Killed a two-headed ogre
 10184 | D:9      | Found a hide-covered altar of Uskayaw.
 10885 | D:9      | Noticed a queen ant
 10963 | D:8      | Noticed a two-headed ogre
 11010 | D:8      | Mangled by a two-headed ogre

Vault maps used:
D:1:      dpeg_arrival_three_same_balls, minmay_crystal_water,
          minmay_misc_feat_roman, minmay_lizard_pond
D:2:      lemuel_coloured_pillars_altar, nicolae_overflow_crystal_walls
D:3:      elyvilon_altar_1, first_bread, lexackson_kobold_supper
D:4:      tgw_xom, kennysheep_mini
D:5:      fedhas_altar_3, uniq_pikel
D:6:      kennysheep_mini_moat
D:7:      nicolae_qazlal_style_of_elements
D:8:      ashenzari_altar_1, lemuel_doored_altar, serial_shops, shop_fountains,
          shop, nicolae_shop_crystal, hangedman_ranch, uniq_joseph
D:9:      lemuel_crystal_altar, nicolae_overflow_hidden_temple, zin_angel,
          serial_corexii_hall, corexii_hall_statues_i, corexii_hall_statues_i,
          corexii_hall_statues_l, zaba_antful_of_joy

Skill      XL: |  1  2  3  4  5  6  7  8  9 10 11 |
---------------+----------------------------------+-----
Dodging        | 2 3 4 5 6 |  6.1
Stealth        | 5 6 7 |  7.6
Armour         | 1 2 3 4 5 6 7 9 |  9.0
Long Blades    | 1 2 3 4 7 9 |  9.4
Shields        | 4 8 9 10 | 10.6
Fighting       | |  1.7
Short Blades   | |  2.4
Throwing       | |  2.0

Action                   |  1- 3 |  4- 6 |  7- 9 | 10-12 || total
-------------------------+-------+-------+-------+-------++-------
Melee: Dagger            |   147 |   354 |   226 |       ||   727
       Rapier            |       |       |   300 |   823 ||  1123
 Fire: Blowgun           |       |       |    36 |       ||    36
Throw: Throwing net      |       |       |     2 |       ||     2
Evoke: Wand              |       |       |     1 |     5 ||     6
  Use: Scroll            |       |       |     2 |       ||     2
       Potion            |       |       |     3 |     7 ||    10
 Stab: Sleeping          |     6 |     8 |     6 |       ||    20
       Distracted        |     1 |       |       |       ||     1
       Held in net/web   |       |       |     1 |       ||     1
  Eat: Chunk             |     1 |     8 |    13 |    11 ||    33
       Fruit             |       |       |       |     2 ||     2
Armor: Robe              |     8 |       |       |       ||     8
       Ring mail         |    15 |    72 |    33 |       ||   120
       Chain mail        |       |       |   142 |     4 ||   146
       Plate armour      |       |       |       |   287 ||   287
Dodge: Dodged            |   100 |   195 |   272 |   214 ||   781
Block: Shield            |       |       |   138 |   429 ||   567
